 Dungeon Crawl Stone Soup version 0.29.1-2-gbd0b4ee654 (webtiles) character file.

Game seed: 16034183645618406651

88 GigaChad the Covered (level 4, -9/40 HPs)
             Began as a Minotaur Fighter on Nov 29, 2022.
             Was a Believer of Dithmenos.
             Mangled by Grinder (11 damage)
             ... on level 3 of the Dungeon.
             The game lasted 00:04:56 (2253 turns).

GigaChad the Covered (Minotaur Fighter)             Turns: 2253, Time: 00:04:56

Health: -9/40      AC:  7    Str: 22    XL:     4   Next: 30%
Magic:  3/3        EV:  9    Int:  5    God:    Dithmenos [**....]
Gold:   120        SH:  4    Dex: 10    Spells: 3/3 levels left

rFire   . . .      SeeInvis .   a - +0 war axe
rCold   . . .      Faith    .   c - +0 buckler
rNeg    . . .      Spirit   .   b - +0 scale mail
rPois   .          Reflect  .   (helmet restricted)
rElec   .          Harm     .   (no cloak)
rCorr   .          Rampage  .   (no gloves)
Will    .....                   (no boots)
Stlth   ..........              (no amulet)
HPRegen 0.13/turn               (no ring)
MPRegen 0.08/turn               (no ring)

@: wreathed by umbra
A: horns 2, retaliatory headbutt
a: Renounce Religion, Shadow Step


You were on level 3 of the Dungeon.
You worshipped Dithmenos.
Dithmenos was pleased with you.
You visited 1 branch of the dungeon, and saw 3 of its levels.

You collected 120 gold pieces.

Inventory:

Hand Weapons
 a - a +0 war axe (weapon)
 t - the +1 sling of Ycvesh {vorpal, rElec rN+}
   (You found it on level 3 of the Dungeon)

   Any ammunition fired from it inflicts extra damage upon your enemies.
   rElec:     It insulates you from electricity.
   rN:        It protects you from negative energy.
Missiles
 s - 4 javelins (quivered)
Armour
 b - a +0 scale mail (worn)
 c - a +0 buckler (worn)
Jewellery
 h - a ring of fire
Scrolls
 e - 4 scrolls of identify {unknown}
 i - a scroll of poison {unknown}
 k - a scroll of fear {unknown}
 l - a scroll of blinking {unknown}
 m - a scroll of immolation
 p - a scroll of teleportation {unknown}
 r - a scroll of amnesia {unknown}
Potions
 d - a potion of might
 f - a potion of lignification {unknown}
 g - 2 potions of curing {unknown}
 j - a potion of attraction {unknown}
 n - a potion of magic {unknown}
 o - a potion of degeneration {unknown}
 q - a potion of brilliance {unknown}


   Skills:
 + Level 4.0 Fighting
 + Level 4.1 Axes
 + Level 4.4 Armour
 + Level 4.1 Shields


You had 3 spell levels left.
You didn't know any spells.
Your spell library contained the following spells:

 Spells                   Type           Power      Damage    Failure   Level
 Blink                    Tloc           0%         N/A       95%         2
 Lesser Beckoning         Tloc           0%         N/A       99%         3
 Ozocubu's Armour         Ice            0%         N/A       99%         3
 Fireball                 Conj/Fire      0%         3d3       100%        5
 Iskenderun's Battlesphe  Conj           0%         2d6       100%        5
 Manifold Assault         Tloc           0%         N/A       100%        5
 Metabolic Englaciation   Hex/Ice        0%         N/A       100%        5
 Conjure Ball Lightning   Conj/Air       0%         3x3d6     100%        6
 Simulacrum               Ice/Necr       0%         N/A       100%        6
 Orb of Destruction       Conj           0%         9d5       100%        7


Dungeon Overview and Level Annotations

Branches:
Dungeon (3/15)

Altars:
Dithmenos
Uskayaw

Annotations:
D:3 Grinder


Innate Abilities, Weirdness & Mutations

You have a pair of horns on your head.
You reflexively headbutt those who attack you in melee.


Message History

Grinder is nearby!
Grinder is nearby!
An endoplasm comes into view.
The endoplasm quivers.
Grinder gestures at you.
You suddenly lose the ability to move!
Grinder drinks a potion.
Grinder seems to grow stronger.
You can move again.
You hit Grinder.
Grinder is lightly wounded.
Grinder hits you!
You writhe in agony.
A dart slug comes into view.
You hit Grinder but do no damage. Your headbutt misses Grinder.
Grinder is lightly wounded.
Grinder hits you!
You writhe in agony.
Grinder gestures at you. Pain shoots through your body!
You closely miss Grinder.
Grinder is lightly wounded.
Grinder closely misses you.
You closely miss Grinder.
Grinder is lightly wounded.
Grinder hits you.
You writhe in agony.
* * * LOW HITPOINT WARNING * * *
The endoplasm jiggles.
You slash Grinder!
Grinder is moderately wounded.
Grinder barely misses you.
You closely miss Grinder.
Grinder is moderately wounded.
Grinder gestures at you. Pain shoots through your body!
* * * LOW HITPOINT WARNING * * *
Grinder blinks!
The endoplasm hits you but does no damage.
You slash the endoplasm!
You kill the endoplasm!
Dithmenos accepts your kill.
You hit Grinder but do no damage. You hit the dart slug. Grinder hits you!
You die...

#.... ...
##..#####.##.#.
##... #.#
##.#.# #<##.#.
..###....#
#.##.#.
#.#.#####
#.##.#. #.##
#.##.#. #.#
#.##... #.#
#.####. #.# ..#
#. #@# #.
......w.5....#
#.
###..........#
#. #####.##.###
#. #.# .# #.
#.# # .. #.#
#.#


You could see Grinder (strong) and a dart slug.

Vanquished Creatures
  Robin (D:3)
  3 adders
  A dart slug (D:1)
  7 endoplasms
  A giant cockroach (D:2)
  11 goblins
  5 hobgoblins
  3 jackals (D:1)
  2 kobolds
  A quokka (D:1)
  5 ball pythons
  A bat (D:3)
  A frilled lizard (D:2)
  3 rats
45 creatures vanquished.

Notes
Turn   | Place    | Note
-------+----------+-------------------------------------------
     0 | D:1      | GigaChad the Minotaur Fighter began the quest for the Orb.
     0 | D:1      | Reached XP level 1. HP: 19/19 MP: 0/0
    22 | D:1      | Reached XP level 2. HP: 15/27 MP: 1/1
   551 | D:1      | Found a faded altar of an unknown god.
   562 | D:1      | Prayed at the altar of an unknown god.
   562 | D:1      | Became a worshipper of Dithmenos the Shadowed
   562 | D:1      | Reached * piety under Dithmenos
  1072 | D:2      | Reached XP level 3. HP: 29/33 MP: 2/2
  1855 | D:3      | Found a hide-covered altar of Uskayaw.
  2121 | D:3      | Identified the +1 sling of Ycvesh {vorpal, rElec rN+}
  2148 | D:3      | Reached XP level 4. HP: 40/40 MP: 3/3
  2152 | D:3      | Noticed Robin
  2155 | D:3      | Reached ** piety under Dithmenos
  2161 | D:3      | Killed Robin
  2241 | D:3      | Noticed Grinder
  2244 | D:3      | Paralysed by Grinder for 2 turns
  2251 | D:3      | HP: 2/40 [Grinder/nerve-wracking pain (10)]
  2253 | D:3      | Mangled by Grinder

Illustrated notes

Levels and vault maps discovered:
D:1:      psy_arrival_basics, layout_basic,
          hellmonk_ecumenical_altar_inner_sanctum, patterned_corridor
D:2:      layout_basic
D:3:      layout_loops_ring, mainiacjoe_overflow_six_doors_small,
          gammafunk_ghost_gnarly_gnolls, uniq_robin, uniq_ijyb, uniq_grinder

Skill      XL: |  1  2  3 |
---------------+----------+-----
Armour         | 4 |  4.4
Fighting       | 4 |  4.0
Shields        | 4 |  4.1
Axes           | 3 4 |  4.1

Action                   |  1- 3 |  4- 6 || total
-------------------------+-------+-------++-------
Melee: War axe           |    77 |    16 ||    93
       Headbutt          |     4 |     3 ||     7
  Use: Scroll            |     1 |       ||     1
Armor: Scale mail        |    44 |    11 ||    55
Dodge: Dodged            |    51 |    10 ||    61
Block: Buckler           |    26 |       ||    26
